TOP OF THE 1ST |
Brooklyn Cyclones batting - Pitching for Los Angeles (NYP) Dodgers : LHP Billy Nash
|
Pitching: LHP Billy Nash
|
|
Batting: LHB Elmo Dreier
|
0-0: Ground out 6-3 (Groundball, 6MS, EV 83.1 MPH)
|
Batting: SHB Callum Lynch
|
0-0: Swinging Strike 0-1: Ball 1-1: Ball 2-1: Reached on error, E6 (Groundball, 6, EV 93.8 MPH)
|
Batting: RHB Darwin Mills
|
0-0: Called Strike 0-1: Called Strike 0-2: Foul Ball, location: 2F 0-2: Strikes out looking
|
Batting: RHB Ryan Marler
|
0-0: Ball Callum Lynch steals 2nd base (no throw) 1-0: Ground out 4-3 (Groundball, 4, EV 100.0 MPH)
|
Top of the 1st over - 0 runs, 0 hits, 1 error, 1 left on base; Brooklyn 0 - Los Angeles (NYP) 0 |
BOTTOM OF THE 1ST |
Los Angeles (NYP) Dodgers batting - Pitching for Brooklyn Cyclones : RHP Jonathan Colyer
|
Pitching: RHP Jonathan Colyer
|
|
Batting: SHB Alex Noval
|
0-0: Ground out 6-3 (Groundball, 6, EV 99.4 MPH)
|
Batting: RHB Adam Maczko
|
0-0: Ball 1-0: Swinging Strike 1-1: Called Strike 1-2: Fly out, F4 (Popup, 4, EV 58.1 MPH)
|
Batting: RHB Tommy Hunter
|
0-0: Called Strike 0-1: Swinging Strike 0-2: Ground out 6-3 (Groundball, 6, EV 78.1 MPH)
|
Bottom of the 1st over - 0 runs, 0 hits, 0 errors, 0 left on base; Brooklyn 0 - Los Angeles (NYP) 0 |
TOP OF THE 2ND |
Brooklyn Cyclones batting - Pitching for Los Angeles (NYP) Dodgers : LHP Billy Nash
|
Batting: SHB Ryan Brown
|
0-0: Ball 1-0: Called Strike 1-1: Ball 2-1: Foul Ball, location: 2F 2-2: Foul Ball, location: 2F 2-2: Strikes out swinging
|
Batting: RHB Victor Reyes
|
0-0: Ball 1-0: Ball 2-0: Foul Ball, location: 2F 2-1: Ball 3-1: Base on Balls
|
Batting: RHB Roberto Delgado
|
0-0: Ball 1-0: Fielders Choice at 2nd, 1-6 (Groundball, 13S, EV 63.8 MPH)
|
Batting: SHB Duri Chilemba
|
0-0: Ball 1-0: Swinging Strike 1-1: Foul Ball, location: 2F 1-2: Ball 2-2: Ground out 5-3 (Groundball, 5L, EV 105.0 MPH)
|
Top of the 2nd over - 0 runs, 0 hits, 0 errors, 1 left on base; Brooklyn 0 - Los Angeles (NYP) 0 |
BOTTOM OF THE 2ND |
Los Angeles (NYP) Dodgers batting - Pitching for Brooklyn Cyclones : RHP Jonathan Colyer
|
Batting: RHB Juan Gallegos
|
0-0: Ground out 6-3 (Groundball, 6MD, EV 106.2 MPH)
|
Batting: LHB Fernão Manta
|
0-0: Called Strike 0-1: Fly out, F8 (Line Drive, 8LM, EV 94.4 MPH)
|
Batting: RHB Brad Brady
|
0-0: Called Strike 0-1: Ground out 6-3 (Groundball, 6, EV 106.2 MPH)
|
Bottom of the 2nd over - 0 runs, 0 hits, 0 errors, 0 left on base; Brooklyn 0 - Los Angeles (NYP) 0 |
TOP OF THE 3RD |
Brooklyn Cyclones batting - Pitching for Los Angeles (NYP) Dodgers : LHP Billy Nash
|
Batting: RHB Tom Primmer
|
0-0: Called Strike 0-1: Ball 1-1: Ball 2-1: Foul Ball, location: 2F 2-2: Strikes out swinging
|
Batting: LHB Elmo Dreier
|
0-0: Foul Ball, location: 2F 0-1: Ball 1-1: Called Strike 1-2: Ball 2-2: Ball 3-2: Foul Ball, location: 2F 3-2: Strikes out swinging
|
Batting: SHB Callum Lynch
|
0-0: Foul Ball, location: 2F 0-1: Ball 1-1: Called Strike 1-2: Strikes out swinging
|
Top of the 3rd over - 0 runs, 0 hits, 0 errors, 0 left on base; Brooklyn 0 - Los Angeles (NYP) 0 |
BOTTOM OF THE 3RD |
Los Angeles (NYP) Dodgers batting - Pitching for Brooklyn Cyclones : RHP Jonathan Colyer
|
Batting: RHB Bob Magana
|
0-0: Called Strike 0-1: Foul Ball, location: 2F 0-2: Ball 1-2: Foul Ball, location: 2F 1-2: Ball 2-2: Strikes out looking
|
Batting: SHB Josh Vaill
|
0-0: Ball 1-0: Fly out, F5 (Popup, 25F, EV 77.5 MPH)
|
Batting: LHB Bobby Gambrell
|
0-0: Ball 1-0: Foul Ball, location: 2F 1-1: Fly out, F8 (Flyball, 8RD, EV 96.2 MPH)
|
Bottom of the 3rd over - 0 runs, 0 hits, 0 errors, 0 left on base; Brooklyn 0 - Los Angeles (NYP) 0 |
TOP OF THE 4TH |
Brooklyn Cyclones batting - Pitching for Los Angeles (NYP) Dodgers : LHP Billy Nash
|
Batting: RHB Darwin Mills
|
0-0: Called Strike 0-1: Ball 1-1: Ball 2-1: Ball 3-1: Base on Balls
|
Batting: RHB Ryan Marler
|
0-0: Ball 1-0: Swinging Strike 1-1: Ball 2-1: Foul Ball, location: 2F 2-2: Foul Ball, location: 2F 2-2: TRIPLE (Flyball, 89XD, EV 103.1 MPH) Darwin Mills scores
|
Batting: SHB Ryan Brown
|
0-0: Foul Ball, location: 2F 0-1: Ball 1-1: Foul Ball, location: 2F 1-2: Ball 2-2: Strikes out swinging
|
Batting: RHB Victor Reyes
|
0-0: Ball 1-0: SINGLE (Flyball, 8LS, EV 93.1 MPH) Ryan Marler scores
|
Batting: RHB Roberto Delgado
|
0-0: Ball 1-0: Foul Ball, location: 2F 1-1: Ball 2-1: Foul Ball, location: 2F 2-2: Ball 3-2: Base on Balls Victor Reyes to second
|
Batting: SHB Duri Chilemba
|
0-0: Called Strike 0-1: Fielders Choice at 2nd, 6-4 (Groundball, 6, EV 83.8 MPH) Victor Reyes to third
|
Batting: RHB Tom Primmer
|
0-0: Foul Ball, location: 2F 0-1: Swinging Strike 0-2: Ball 1-2: Ball 2-2: Foul Ball, location: 2F 2-2: Foul Ball, location: 2F 2-2: Ball 3-2: Base on Balls Duri Chilemba to second
|
Pitching: RHP Charles Durand
|
|
Batting: LHB Elmo Dreier
|
0-0: Ball 1-0: Swinging Strike 1-1: Ground out U3 (Groundball, 3L, EV 92.5 MPH)
|
Top of the 4th over - 2 runs, 2 hits, 0 errors, 3 left on base; Brooklyn 2 - Los Angeles (NYP) 0 |
BOTTOM OF THE 4TH |
Los Angeles (NYP) Dodgers batting - Pitching for Brooklyn Cyclones : RHP Jonathan Colyer
|
Batting: SHB Alex Noval
|
0-0: SINGLE (Groundball, 4MD, EV 93.8 MPH)
|
Batting: RHB Adam Maczko
|
0-0: Ball 1-0: Fielders Choice at 2nd, 4-6 (Groundball, 4, EV 108.1 MPH)
|
Batting: RHB Tommy Hunter
|
0-0: Foul Ball, location: 2F 0-1: SINGLE (Line Drive, 78S, EV 91.9 MPH) Adam Maczko to second
|
Batting: RHB Juan Gallegos
|
0-0: Ball 1-0: Called Strike 1-1: Ball 2-1: Grounds into double play, 6-4-3 (Groundball, 6, EV 87.5 MPH)
|
Bottom of the 4th over - 0 runs, 2 hits, 0 errors, 1 left on base; Brooklyn 2 - Los Angeles (NYP) 0 |
TOP OF THE 5TH |
Brooklyn Cyclones batting - Pitching for Los Angeles (NYP) Dodgers : RHP Charles Durand
|
Batting: SHB Callum Lynch
|
0-0: Swinging Strike 0-1: Ball 1-1: Ball 2-1: SINGLE (Groundball, 4MD, EV 111.9 MPH)
|
Batting: RHB Darwin Mills
|
0-0: Foul Ball, location: 2F 0-1: Called Strike 0-2: Foul Ball, location: 2F 0-2: Strikes out swinging
|
Batting: RHB Ryan Marler
|
0-0: Called Strike Callum Lynch steals 2nd base (no throw) 0-1: Swinging Strike 0-2: Ball 1-2: Ball 2-2: Ball 3-2: Foul Ball, location: 2F 3-2: Base on Balls
|
Batting: SHB Ryan Brown
|
0-0: Called Strike Callum Lynch steals 3rd base 0-1: Foul Ball, location: 2F 0-2: Foul Ball, location: 2F 0-2: Strikes out swinging
|
Batting: RHB Victor Reyes
|
0-0: Ball 1-0: Fielders Choice at 2nd, 5-4 (Groundball, 56, EV 81.9 MPH)
|
Top of the 5th over - 0 runs, 1 hit, 0 errors, 2 left on base; Brooklyn 2 - Los Angeles (NYP) 0 |
BOTTOM OF THE 5TH |
Los Angeles (NYP) Dodgers batting - Pitching for Brooklyn Cyclones : RHP Jonathan Colyer
|
Batting: LHB Fernão Manta
|
0-0: Called Strike 0-1: Ball 1-1: Ball 2-1: Swinging Strike 2-2: Foul Ball, location: 2F 2-2: Strikes out swinging
|
Batting: RHB Brad Brady
|
0-0: Called Strike 0-1: Ball 1-1: Ball 2-1: Ground out U3 (Groundball, 3, EV 86.2 MPH)
|
Batting: RHB Bob Magana
|
0-0: Called Strike 0-1: Ball 1-1: Ball 2-1: Fly out, F8 (Flyball, 8LD, EV 100.0 MPH)
|
Bottom of the 5th over - 0 runs, 0 hits, 0 errors, 0 left on base; Brooklyn 2 - Los Angeles (NYP) 0 |
TOP OF THE 6TH |
Brooklyn Cyclones batting - Pitching for Los Angeles (NYP) Dodgers : RHP Charles Durand
|
Batting: RHB Roberto Delgado
|
0-0: SINGLE (Groundball, 56D, EV 99.4 MPH)
|
Batting: SHB Duri Chilemba
|
0-0: SINGLE (Groundball, 34D, EV 95.6 MPH) Roberto Delgado to second Runner from 2nd tries for 3rd, SAFE, throw by RF made to third
|
Batting: RHB Tom Primmer
|
0-0: Swinging Strike 0-1: Foul Ball, location: 2F 0-2: Foul Ball, location: 2F 0-2: Ball 1-2: Ball 2-2: Fielders Choice at 2nd, 1-4 (Groundball, 15S, EV 63.8 MPH)
|
Batting: LHB Elmo Dreier
|
0-0: Ball 1-0: Called Strike 1-1: Ball 2-1: Foul Ball, location: 2F 2-2: Fly out, F8 (Line Drive, 8RM, EV 94.4 MPH)
|
Batting: SHB Callum Lynch
|
0-0: Fly out, F6 (Popup, 6MD, EV 65.0 MPH)
|
Top of the 6th over - 0 runs, 2 hits, 0 errors, 2 left on base; Brooklyn 2 - Los Angeles (NYP) 0 |
BOTTOM OF THE 6TH |
Los Angeles (NYP) Dodgers batting - Pitching for Brooklyn Cyclones : RHP Jonathan Colyer
|
Batting: SHB Josh Vaill
|
0-0: Ball 1-0: Ball 2-0: Ball 3-0: SINGLE (Groundball, 3S, EV 73.8 MPH) (infield hit)
|
Batting: LHB Bobby Gambrell
|
0-0: Called Strike 0-1: Ball 1-1: Foul Ball, location: 2F 1-2: Ball 2-2: Ball 3-2: Foul Ball, location: 2F 3-2: Foul Ball, location: 2F 3-2: Base on Balls Josh Vaill to second
|
Batting: SHB Alex Noval
|
0-0: Ball 1-0: Ball 2-0: Ball 3-0: Called Strike 3-1: Foul Ball, location: 2F 3-2: SINGLE (Line Drive, 7LM, EV 105.0 MPH) Josh Vaill to third Bobby Gambrell to second
|
Batting: RHB Adam Maczko
|
0-0: Ball 1-0: Fly out, F8 (Flyball, 8RD, EV 105.0 MPH) Runner from 3rd tags up, SCORES, throw by CF
|
Batting: RHB Tommy Hunter
|
0-0: Ground out 5-3 (Groundball, 5S, EV 69.4 MPH) Bobby Gambrell to third Alex Noval to second
|
Batting: RHB Juan Gallegos
|
0-0: Ball 1-0: Foul Ball, location: 2F 1-1: Swinging Strike 1-2: Ground out 6-3 (Groundball, 6, EV 83.8 MPH)
|
Bottom of the 6th over - 1 run, 2 hits, 0 errors, 2 left on base; Brooklyn 2 - Los Angeles (NYP) 1 |
TOP OF THE 7TH |
Brooklyn Cyclones batting - Pitching for Los Angeles (NYP) Dodgers : RHP Charles Durand
|
Batting: RHB Darwin Mills
|
0-0: Swinging Strike 0-1: SINGLE (Groundball, 34D, EV 102.5 MPH)
|
Batting: RHB Ryan Marler
|
0-0: Called Strike Darwin Mills steals 2nd base 0-1: Called Strike 0-2: Ground out 5-3 (Groundball, 56S, EV 80.0 MPH)
|
Batting: SHB Ryan Brown
|
0-0: SINGLE (Line Drive, 7LS, EV 97.5 MPH) Darwin Mills to third Runner from 3rd tries for Home, SAFE, throw by LF to home
|
Batting: RHB Victor Reyes
|
0-0: Ball Ryan Brown steals 2nd base 1-0: Intentional Walk
|
Pinch Hitting: RHB Jayden Copeland
|
0-0: Ball Ryan Brown steals 3rd base Victor Reyes to second 1-0: Intentional Walk
|
Batting: SHB Duri Chilemba
|
0-0: Grounds into fielders choice 6-2 (Groundball, 6, EV 105.6 MPH) Victor Reyes to third Jayden Copeland to second
|
Pitching: RHP Jose Sandoval
|
|
Batting: RHB Tom Primmer
|
0-0: Foul Ball, location: 2F 0-1: Ball 1-1: Swinging Strike 1-2: Strikes out swinging
|
Top of the 7th over - 1 run, 2 hits, 0 errors, 3 left on base; Brooklyn 3 - Los Angeles (NYP) 1 |
BOTTOM OF THE 7TH |
Los Angeles (NYP) Dodgers batting - Pitching for Brooklyn Cyclones : RHP Jonathan Colyer
|
Now at 1B: Salvador Gomez
|
|
Batting: LHB Fernão Manta
|
0-0: Foul Ball, location: 2F 0-1: Ball 1-1: Swinging Strike 1-2: Reached on error, E4 (Groundball, 4, EV 83.1 MPH)
|
Batting: RHB Brad Brady
|
0-0: Fly out, F7 (Flyball, 78D, EV 86.2 MPH)
|
Batting: RHB Bob Magana
|
0-0: Swinging Strike 0-1: Ground out 4-3 (Groundball, 4, EV 88.8 MPH) Fernão Manta to third
|
Batting: SHB Josh Vaill
|
0-0: Called Strike 0-1: Foul Ball, location: 2F 0-2: Ball 1-2: Ball 2-2: Ball 3-2: Base on Balls
|
Batting: LHB Bobby Gambrell
|
0-0: Swinging Strike 0-1: Ball 1-1: Swinging Strike 1-2: Ball 2-2: Strikes out swinging
|
Bottom of the 7th over - 0 runs, 0 hits, 1 error, 2 left on base; Brooklyn 3 - Los Angeles (NYP) 1 |
TOP OF THE 8TH |
Brooklyn Cyclones batting - Pitching for Los Angeles (NYP) Dodgers : RHP Jose Sandoval
|
Batting: LHB Elmo Dreier
|
0-0: Ball 1-0: DOUBLE (Line Drive, 7LS, EV 110.6 MPH)
|
Batting: SHB Callum Lynch
|
0-0: Called Strike 0-1: Foul Ball, location: 2F 0-2: Foul Ball, location: 2F 0-2: Ball 1-2: Strikes out swinging
|
Batting: RHB Darwin Mills
|
0-0: Intentional Walk
|
Batting: RHB Ryan Marler
|
0-0: Ball Wild Pitch! Elmo Dreier to third Darwin Mills to second 1-0: Intentional Walk
|
Batting: SHB Ryan Brown
|
0-0: Ball 1-0: SINGLE (Groundball, 4M, EV 99.4 MPH) Elmo Dreier scores Darwin Mills to third Ryan Marler to second Runner from 3rd tries for Home, SAFE, throw by CF to home
|
Batting: RHB Victor Reyes
|
0-0: Ball 1-0: Ball 2-0: Ball 3-0: Called Strike 3-1: Base on Balls Ryan Marler to third Ryan Brown to second
|
Batting: SHB Salvador Gomez
|
0-0: Grounds into double play, 4-6-3 (Groundball, 4, EV 88.8 MPH)
|
Top of the 8th over - 2 runs, 2 hits, 0 errors, 2 left on base; Brooklyn 5 - Los Angeles (NYP) 1 |
BOTTOM OF THE 8TH |
Los Angeles (NYP) Dodgers batting - Pitching for Brooklyn Cyclones : RHP Jonathan Colyer
|
Batting: SHB Alex Noval
|
0-0: Ball 1-0: Called Strike 1-1: Hit by Pitch
|
Batting: RHB Adam Maczko
|
0-0: Ground out 6-3 (Groundball, 6MS, EV 81.9 MPH) Alex Noval to second
|
Batting: RHB Tommy Hunter
|
0-0: Swinging Strike 0-1: Fly out, F8 (Flyball, 89D, EV 97.5 MPH) Runner from 2nd tags up, SAFE at 3rd, no throw by CF
|
Pitching: RHP Felipe Hinojosa
|
|
Batting: RHB Juan Gallegos
|
0-0: Foul Ball, location: 2F 0-1: Swinging Strike 0-2: Ball 1-2: Ball 2-2: Strikes out swinging
|
Bottom of the 8th over - 0 runs, 0 hits, 0 errors, 1 left on base; Brooklyn 5 - Los Angeles (NYP) 1 |
TOP OF THE 9TH |
Brooklyn Cyclones batting - Pitching for Los Angeles (NYP) Dodgers : RHP Jose Sandoval
|
Batting: SHB Duri Chilemba
|
0-0: Ball 1-0: Foul Ball, location: 2F 1-1: Foul Ball, location: 2F 1-2: Strikes out swinging
|
Batting: RHB Tom Primmer
|
0-0: Ball 1-0: Ball 2-0: Called Strike 2-1: Foul Ball, location: 2F 2-2: Strikes out swinging
|
Batting: LHB Elmo Dreier
|
0-0: Foul Ball, location: 2F 0-1: Ground out U3 (Groundball, 3L, EV 90.0 MPH)
|
Top of the 9th over - 0 runs, 0 hits, 0 errors, 0 left on base; Brooklyn 5 - Los Angeles (NYP) 1 |
BOTTOM OF THE 9TH |
Los Angeles (NYP) Dodgers batting - Pitching for Brooklyn Cyclones : RHP Felipe Hinojosa
|
Batting: LHB Fernão Manta
|
0-0: Ball 1-0: Ball 2-0: SINGLE (Groundball, 4S, EV 70.0 MPH) (infield hit)
|
Batting: RHB Brad Brady
|
0-0: Ball 1-0: Grounds into double play, 6-4-3 (Groundball, 6, EV 86.2 MPH)
|
Batting: RHB Bob Magana
|
0-0: TRIPLE (Flyball, 89XD, EV 95.6 MPH)
|
Batting: SHB Josh Vaill
|
0-0: Ball 1-0: Ball 2-0: Called Strike 2-1: Swinging Strike 2-2: Ball 3-2: Strikes out looking
|
Bottom of the 9th over - 0 runs, 2 hits, 0 errors, 1 left on base; Brooklyn 5 - Los Angeles (NYP) 1 |
|